 Dungeon Crawl Stone Soup version 0.20.0-6-gd3061e9 (webtiles) character file.

22842 tv1990 the Unseen (level 13, -2/103 HPs)
             Began as a Formicid Enchanter on May 28, 2017.
             Was the Champion of Ru.
             Slain by a komodo dragon (27 damage)
             ... on level 6 of the Lair of Beasts.
             The game lasted 00:57:16 (15322 turns).

tv1990 the Unseen (Formicid Enchanter)             Turns: 15322, Time: 00:57:17

Health: -2/103     AC: 10    Str: 12    XL:     13   Next: 30%
Magic:  15/16      EV: 18    Int: 17    God:    Ru [******]
Gold:   671        SH:  0    Dex: 18    Spells: 3/16 levels left

rFire    . . .     SeeInvis +   s - +5 dagger (speed)
rCold    x . .     Gourm    .   (no shield)
rNeg     + . .     Faith    .   p - +2 robe {rF+}
rPois    .         Spirit   .   (helmet unavailable)
rElec    .         Reflect  .   (no cloak)
rCorr    .         Harm     .   q - +2 pair of gloves
MR       .....                  n - +2 pair of boots
Stlth    ++++++....             (no amulet)
Regen    0.7/turn               B - +3 ring of dexterity
MPRegen  0.2/turn               t - ring of positive energy

@: exhausted, no potions, drained
A: permanent stasis, dig shafts and tunnels, four strong arms, antennae 3, sense
surroundings 2, regeneration 1, inability to drink while threatened, hated by
all, magic vulnerability 1, temperature sensitive
a: Dig, Shaft Self, Draw Out Power, Power Leap, Apocalypse, Renounce Religion


You were on level 6 of the Lair of Beasts.
You worshipped Ru.
Ru was exalted by your worship.
You were near starving.

You visited 2 branches of the dungeon, and saw 15 of its levels.
You also visited: Ice Cave.

You collected 671 gold pieces.

Inventory:

Hand Weapons
 m - a +0 rapier
 s - a +5 dagger of speed (weapon)
 w - a +1 falchion of flaming
Armour
 n - a +2 pair of boots (worn)
 p - a +2 robe of fire resistance (worn)
 q - a +2 pair of gloves (worn)
Jewellery
 g - an uncursed ring of flight
 t - a ring of positive energy (right hand)
 B - a +3 ring of dexterity (left hand)
Wands
 k - a wand of digging (14/24)
 E - a wand of lightning (7/15)
 F - a wand of lightning (4/15)
 H - a wand of digging (13/24)
Scrolls
 b - 2 scrolls of holy word
 o - 4 scrolls of identify
 u - 5 scrolls of remove curse
 y - 2 scrolls of fear
 C - a scroll of recharging
Potions
 e - 2 potions of agility
 f - 2 potions of might
 h - a potion of resistance
 i - a potion of flight
 r - a potion of lignification
 z - 4 potions of mutation
 A - 8 potions of curing
 G - a potion of brilliance
 I - a potion of heal wounds
Books
 a - a book of Conjurations

   Spells                             Type                      Level
   a - Magic Dart                     Conjuration                  1
   b - Searing Ray                    Conjuration                  2
   c - Dazzling Spray                 Conjuration/Hexes            3
   d - Fulminant Prism                Conjuration/Hexes            4
   e - Force Lance                    Conjuration/Translocation    4
   f - Iskenderun's Mystic Blast      Conjuration                  4
 c - a book of Maledictions

   Spells                             Type                      Level
   a - Corona                         Hexes                        1
   b - Ensorcelled Hibernation        Hexes/Ice                    2
   c - Confuse                        Hexes                        3
   d - Tukima's Dance                 Hexes                        3
   e - Dazzling Spray                 Conjuration/Hexes            3
 x - a book of Minor Magic

   Spells                             Type                      Level
   a - Magic Dart                     Conjuration                  1
   b - Blink                          Translocation                2
   c - Call Imp                       Summoning                    2
   d - Slow                           Hexes                        2
   e - Conjure Flame                  Conjuration/Fire             3
   f - Mephitic Cloud                 Conjuration/Poison/Air       3
 D - a book of Cantrips

   Spells                             Type                      Level
   a - Confusing Touch                Hexes                        1
   b - Animate Skeleton               Necromancy                   1
   c - Summon Small Mammal            Summoning                    1
   d - Apportation                    Translocation                1
Comestibles
 d - 11 bread rations
 j - 9 meat rations
 v - 13 royal jellies


   Skills:
 + Level 9.8(9.4) Fighting
 - Level 11.2(10.8) Short Blades
 + Level 8.6(8.2) Dodging
 + Level 15.4(14.9) Stealth
 - Level 2.1(1.8) Spellcasting
 - Level 7.2(6.9) Hexes


You had 3 spell levels left.
You knew the following spells:

 Your Spells              Type           Power        Failure   Level  Hunger
a - Corona                Hex            ####...      1%          1    #......
b - Ensorcelled Hibernat  Hex/Ice        ##....       7%          2    ###....
c - Confuse               Hex            ####....     3%          3    ###....
d - Dazzling Spray        Conj/Hex       ##....       14%         3    ###....
e - Fulminant Prism       Conj/Hex       ##........   43%         4    #####..


Dungeon Overview and Level Annotations

Branches:
Dungeon (9/15)             Temple (0/1) D:6            Lair (6/6) D:8
 Shoals (0/4) Lair:3        Snake (0/4) Lair:4
  Slime: Lair:5-6       Orc: D:9-12

Altars:
Ashenzari
Cheibriados
Elyvilon
Fedhas
Gozag
Nemelex Xobeh
Ru
Vehumet
Xom
Yredelemnul
Zin


Innate Abilities, Weirdness & Mutations

You cannot be hasted, slowed, berserked, paralysed or teleported.
You can dig through walls and to a lower floor.
Your four strong arms can wield two-handed weapons with a shield.
You have a pair of large antennae on your head. (SInv)
You cannot drink potions while threatened.
You are hated by all.
You are slightly vulnerable to magic. (MR-)
You are sensitive to extremes of temperature. (rF-, rC-)
You passively map the area around you.
Your natural rate of healing is unusually fast.


Message History

The komodo dragon is heavily wounded.
You hit the komodo dragon but do no damage.
The komodo dragon is heavily wounded.
The komodo dragon bites you!
* * * LOW HITPOINT WARNING * * *
You hit the komodo dragon.
The komodo dragon is heavily wounded.
You barely miss the komodo dragon.
The komodo dragon is heavily wounded.
You hit the komodo dragon but do no damage.
The komodo dragon is heavily wounded.
The komodo dragon bites you!!
* * * LOW HITPOINT WARNING * * *
You hit the komodo dragon.
The komodo dragon is heavily wounded.
You extend your mandibles.
You dig through the rock wall.
You dig through the rock wall.
You dig through the rock wall.
The komodo dragon bites you!!
You die...

.........Y≈.≈≈≈≈≈≈
≈ ** $........Y#
≈≈≈≈# ≈ *
........<#..≈≈≈.≈≈
≈≈ ≈ * *#......Y##
#.≈≈#≈≈≈≈ , *
,......SY##* #.≈≈≈
,
....(..#Y###...≈≈
≈≈ , <.DP...##...#
, , , , ...P.#.
##l## ,, *,
,..#####*#@## ** ,
, . * ### * , * ,,
, , , * * , , * *
,, , , * , , ** ,
*


You could see a komodo dragon.

Vanquished Creatures
  2 hydras
  5 death yaks (Lair:3)
  An elephant (D:8)
  A merfolk siren (Lair:3)
  A black mamba (Lair:5)
  Psyche (D:8)
  2 torpor snails (Lair:1)
  5 spiny frogs
  3 komodo dragons
  A queen bee (Lair:5)
  3 meliai (Lair:5)
  Prince Ribbit (D:7)
  3 hippogriffs
  5 blink frogs (Lair:4)
  Sigmund (D:4)
  14 yaks
  2 wyverns
  5 basilisks
  5 nagas (Lair:4)
  22 water moccasins
  Duvessa (D:6)
  6 porcupines
  A sky beast (D:6)
  An orc warrior (D:7)
  9 ice beasts
  A phantom (D:4)
  An ogre (D:6)
  2 centaurs
  7 crocodiles
  16 bullfrogs
  Dowan (D:6)
  A scorpion (D:8)
  22 killer bees (Lair:5)
  5 electric eels (Lair:2)
  A quasit (D:7)
  2 hounds
  An orc priest (D:4)
  2 jellies
  4 bullfrog skeletons
  An orc wizard (D:7)
  Natasha (thrice) (D:2)
  2 iguanas
  10 worker ants
  4 hound skeletons
  A worker ant zombie (D:6)
  4 gnolls (D:4)
  A howler monkey skeleton (D:5)
  27 adders
  A shadow imp (D:5)
  5 white imps (IceCv)
  5 ufetubi (IceCv)
  5 oozes
  3 worms
  3 dart slugs
  2 leopard geckos
  19 orcs
  3 giant cockroaches
  9 goblins
  7 hobgoblins
  4 jackals (D:4)
  2 quokkas (D:3)
  7 ball pythons
  5 bats
  7 frilled lizards
  A jackal skeleton (D:7)
  8 kobolds
  3 leopard gecko skeletons
  7 rats
  4 fungi
  2 plants
332 creatures vanquished.

Vanquished Creatures (others)
  An adder (Lair:2)
  4 white imps (IceCv)
  An ufetubus (IceCv)
  6 fungi
  A plant (Lair:4)
13 creatures vanquished.

Grand Total: 345 creatures vanquished

Notes
Turn   | Place    | Note
-------+----------+-------------------------------------------
     0 | D:1      | tv1990 the Formicid Enchanter began the quest for the Orb.
     0 | D:1      | Reached XP level 1. HP: 13/13 MP: 3/3
     2 | D:1      | Noticed a gargoyle
     2 | D:1      | Noticed a centaur
     4 | D:1      | Noticed a demonspawn
     4 | D:1      | Noticed a vampire
     6 | D:1      | Noticed a draconian
     8 | D:1      | Noticed a halfling
     8 | D:1      | Noticed a demigod
    10 | D:1      | Noticed a spriggan
    12 | D:1      | Noticed a ghoul
    12 | D:1      | Noticed a vine stalker
    14 | D:1      | Noticed a troll
    16 | D:1      | Noticed an ogre
    16 | D:1      | Noticed a formicid
    18 | D:1      | Noticed a minotaur
    18 | D:1      | Noticed a dwarf
    20 | D:1      | Noticed an elf
    20 | D:1      | Noticed an octopode
    22 | D:1      | Noticed a human
    22 | D:1      | Noticed a tengu
    24 | D:1      | Noticed a merfolk
    24 | D:1      | Noticed a felid
    26 | D:1      | Noticed a naga
   277 | D:1      | Reached XP level 2. HP: 19/19 MP: 5/5
   324 | D:1      | Reached skill level 4 in Stealth
  1199 | D:1      | Reached XP level 3. HP: 20/24 MP: 6/6
  1447 | D:1      | Learned a level 2 spell: Ensorcelled Hibernation
  1636 | D:2      | Noticed Natasha
  1645 | D:2      | Killed Natasha
  1645 | D:2      | Reached XP level 4. HP: 29/30 MP: 0/7
  1716 | D:2      | Learned a level 3 spell: Confuse
  1731 | D:2      | Noticed Natasha
  1748 | D:2      | Killed Natasha
  2039 | D:2      | Noticed Natasha
  2060 | D:2      | HP: 2/45 [crimson imp[Natasha] (1)]
  2067 | D:2      | Killed Natasha
  2067 | D:2      | Reached XP level 5. HP: 4/35 MP: 1/8
  2439 | D:2      | Found an opulent altar of Gozag.
  2764 | D:2      | Reached skill level 5 in Stealth
  3769 | D:3      | Reached XP level 6. HP: 39/41 MP: 9/9
  4445 | D:3      | Reached skill level 5 in Hexes
  5060 | D:4      | Reached XP level 7. HP: 40/46 MP: 2/10
  5366 | D:4      | Reached skill level 5 in Short Blades
  5844 | D:4      | Reached skill level 6 in Stealth
  6005 | D:4      | Noticed Sigmund
  6012 | D:4      | Killed Sigmund
  6012 | D:4      | Reached XP level 8. HP: 52/52 MP: 11/11
  6109 | D:5      | Entered Level 5 of the Dungeon
  6109 | D:5      | Found a glowing silver altar of Zin.
  6264 | D:5      | Found a shattered altar of Ashenzari.
  6267 | D:5      | Reached skill level 7 in Stealth
  6571 | D:5      | Noticed a hippogriff
  6576 | D:5      | Killed a hippogriff
  6590 | D:5      | Found a sacrificial altar of Ru.
  6755 | D:5      | Became a worshipper of Ru the Awakened
  6817 | D:6      | Found an opulent altar of Gozag.
  6893 | D:6      | Found a staircase to the Ecumenical Temple.
  7016 | D:6      | Gained mutation: You passively map a small area around you. [mutagenic meat]
  7017 | D:6      | Gained mutation: You passively map the area around you. [mutagenic meat]
  7018 | D:6      | Gained mutation: Your natural rate of healing is unusually fast. [mutagenic meat]
  7019 | D:6      | Gained mutation: Your mind is acute. (Int +2) [mutagenic meat]
  7020 | D:6      | Lost mutation: Your mind is acute. (Int +2) [mutagenic meat]
  7128 | D:6      | Reached XP level 9. HP: 57/57 MP: 12/12
  7165 | D:6      | Reached skill level 8 in Stealth
  7499 | D:6      | Noticed Dowan
  7502 | D:6      | Killed Dowan
  7503 | D:6      | Noticed Duvessa
  7540 | D:6      | Killed Duvessa
  7805 | D:7      | Reached skill level 9 in Stealth
  7895 | D:7      | Noticed Prince Ribbit
  7922 | D:7      | Killed Prince Ribbit
  8021 | D:7      | Found a sparkling altar of Nemelex Xobeh.
  8032 | D:7      | Gained mutation: You are sensitive to extremes of temperature. (rF-, rC-) [Ru sacrifice]
  8032 | D:7      | Reached * piety under Ru
  8032 | D:7      | Reached ** piety under Ru
  8259 | D:8      | Found a basalt altar of Yredelemnul.
  8299 | D:8      | Noticed Psyche
  8310 | D:8      | Killed Psyche
  8329 | D:8      | Learned a level 3 spell: Dazzling Spray
  8344 | D:8      | Found a staircase to the Lair.
  8344 | D:8      | Noticed an elephant
  8344 | D:8      | Noticed a hippogriff
  8356 | D:8      | Killed a hippogriff
  8356 | D:8      | Reached XP level 10. HP: 32/63 MP: 4/13
  8439 | D:8      | Reached skill level 10 in Short Blades
  8439 | D:8      | Reached skill level 10 in Stealth
  8443 | D:8      | Killed an elephant
  8733 | D:8      | Found a radiant altar of Vehumet.
  8733 | D:8      | Found a blossoming altar of Fedhas.
  8738 | D:8      | Found a shimmering altar of Xom.
  8741 | D:8      | Found a white marble altar of Elyvilon.
  8743 | D:8      | Found a sacrificial altar of Ru.
  9053 | D:8      | Reached skill level 11 in Stealth
  9056 | Lair:1   | Entered Level 1 of the Lair of Beasts
  9221 | Lair:1   | Reached skill level 1 in Fighting
  9225 | Lair:1   | Found a frozen archway.
  9645 | Lair:1   | Noticed a torpor snail
  9664 | Lair:1   | Reached XP level 11. HP: 65/73 MP: 5/14
  9744 | IceCv    | Entered an ice cave
 10182 | Lair:1   | Found a snail-covered altar of Cheibriados.
 10412 | Lair:1   | Reached skill level 12 in Stealth
 10752 | Lair:1   | Gained mutation: You cannot drink potions while threatened. [Ru sacrifice]
 10752 | Lair:1   | Reached *** piety under Ru
 10752 | Lair:1   | Reached **** piety under Ru
 11110 | Lair:2   | Learned a level 4 spell: Fulminant Prism
 11485 | Lair:2   | Reached skill level 5 in Fighting
 11849 | Lair:2   | Reached skill level 5 in Dodging
 12525 | Lair:3   | Reached skill level 13 in Stealth
 12530 | Lair:3   | Gained mutation: You are hated by all. [Ru sacrifice]
 12530 | Lair:3   | Reached ***** piety under Ru
 12541 | Lair:3   | Noticed a death yak
 12542 | Lair:3   | Noticed a death yak
 12543 | Lair:3   | Noticed a death yak
 12581 | Lair:3   | Noticed a death yak
 12586 | Lair:3   | Killed a death yak
 12586 | Lair:3   | Killed a death yak
 12586 | Lair:3   | Reached XP level 12. HP: 53/89 MP: 15/15
 12587 | Lair:3   | Noticed a death yak
 12597 | Lair:3   | Killed a death yak
 12904 | Lair:3   | Found a staircase to the Shoals.
 13172 | Lair:3   | Killed a death yak
 13192 | Lair:3   | Killed a death yak
 13366 | Lair:4   | Reached skill level 14 in Stealth
 14077 | Lair:4   | Found a staircase to the Snake Pit.
 14568 | Lair:5   | Reached XP level 13. HP: 86/101 MP: 10/16
 14597 | Lair:5   | Reached skill level 15 in Stealth
 14613 | Lair:5   | Gained mutation: You are slightly vulnerable to magic. (MR-) [Ru sacrifice]
 14613 | Lair:5   | Reached ****** piety under Ru
 14785 | Lair:5   | Noticed a five-headed hydra
 14791 | Lair:5   | Killed a five-headed hydra
 15277 | Lair:6   | Entered Level 6 of the Lair of Beasts
 15281 | Lair:6   | Noticed an eight-headed hydra
 15296 | Lair:6   | Killed an eight-headed hydra
 15322 | Lair:6   | Slain by a komodo dragon

Skill      XL: |  1  2  3  4  5  6  7  8  9 10 11 12 13 |
---------------+----------------------------------------+-----
Short Blades   | 2 3 4 5 7 9 11 | 11.2
Stealth        | 4 5 6 7 9 11 13 14 15 | 15.4
Hexes          | 4 5 6 7 |  7.2
Dodging        | 3 5 7 8 |  8.6
Fighting       | 2 6 9 |  9.8
Spellcasting   | |  2.1

Action                   |  1- 3 |  4- 6 |  7- 9 | 10-12 | 13-15 || total
-------------------------+-------+-------+-------+-------+-------++-------
Melee: Dagger            |    83 |   227 |   325 |   625 |   108 ||  1368
       Falchion          |       |       |       |     4 |       ||     4
 Cast: Ensorcelled Hiber |     5 |    26 |    29 |   102 |    18 ||   180
       Confuse           |       |     5 |    12 |    21 |       ||    38
       Dazzling Spray    |       |       |       |     1 |       ||     1
Invok: Sacrifice Resista |       |       |     1 |       |       ||     1
       Power Leap        |       |       |       |     2 |       ||     2
       Sacrifice Drink   |       |       |       |     1 |       ||     1
       Sacrifice Love    |       |       |       |     1 |       ||     1
       Apocalypse        |       |       |       |     3 |     1 ||     4
       Draw Out Power    |       |       |       |       |     1 ||     1
       Sacrifice Essence |       |       |       |       |     1 ||     1
 Abil: Dig               |       |       |     5 |    12 |     3 ||    20
       Shaft Self        |       |       |       |     1 |       ||     1
Evoke: Wand              |       |       |       |     3 |       ||     3
  Use: Scroll            |     3 |     7 |     6 |    13 |       ||    29
       Potion            |       |     3 |       |       |       ||     3
 Stab: Sleeping          |     8 |    33 |    26 |    57 |     7 ||   131
       Distracted        |       |     1 |     1 |     3 |     3 ||     8
       Confused          |       |     2 |     5 |     5 |       ||    12
       Petrified         |       |       |       |     2 |       ||     2
       Invisible         |       |       |       |     2 |     1 ||     3
       Paralysed         |       |       |       |     1 |       ||     1
  Eat: Chunk             |     2 |    14 |    18 |    32 |     2 ||    68
Armor: Robe              |     9 |    56 |    52 |    85 |     5 ||   207
       Skin              |       |    11 |       |       |       ||    11
Dodge: Dodged            |    36 |    95 |    90 |   190 |    30 ||   441

Vault maps used:
D:1:      kb_arrival_jail
D:2:      nicolae_gozag_seed_capital, uniq_natasha
D:3:      first_bread, minmay_snake_closets
D:4:      uniq_sigmund
D:5:      ashenzari_conservatory_becter, overflow_temple_1_default,
          nicolae_ru_the_path_less_chosen
D:6:      lemuel_round_altar, minmay_temple_entry_junction, uniq_duvessa
D:7:      nemelex_altar_shiori, uniq_prince_ribbit1
D:8:      chequers_temple_overflow_minitemple, david_lair_generic, basic_altar,
          uniq_psyche
D:9:      nicolae_overflow_crystal_walls, orc_0_dummy, hangedman_ranch,
          grunt_decor_arrowhead
Lair:1:   portal_ice_cave_entry_ice_beasts, kennysheep_snail_temple
Lair:2:   lemuel_reptile_caves, nicolae_quartered_pool_little,
          grunt_megastairs_5, infiniplex_staircase_pool
Lair:3:   minmay_shoals_entry_lonely_mermaid
Lair:4:   minmay_snake_entry_guardpost_medium, lab_entry_generic,
          serial_bayou_shore_b, lemuel_fruit_fields
Lair:5:   special_room
Lair:6:   hangedman_lair_caniforms_friends, slime_altar_1,
          bobbens_ice_dragon_lair
IceCv:    ice_cave_small_demon
